[Event "Early-Titled-Tuesday-Blitz-October-03-2023"]
[Site "Chess.com"]
[Date "2023.10.03"]
[Round "2"]
[White "blitzking1729"]
[Black "ploxoi"]
[Result "1-0"]
[WhiteElo "2729"]
[BlackElo "2441"]
[TimeControl "180+1"]
[EndTime "8:16:51 PDT"]
[Termination "blitzking1729 won by resignation"]

1. Nf3 d5 2. c4 c6 3. e3 Nf6 4. Nc3 Nbd7 5. b3 e6 6. Bb2 Bd6 7. g3 O-O 8. Bg2 a5 9. O-O Qe7 10. a3 Rd8 11. Qc2 Nb6 12. d3 a4 13. Nxa4 Nxa4 14.
bxa4 Bd7 15. Ne5 Be8 16. d4 dxc4 17. Nxc4 Ra7 18. a5 Bc7 19. Bc3 Nd5 20. Bd2 Rda8 21.
Rab1 f6 22. Be4 g6 23. Rb3 Bf7 24. Rfb1 Rb8 25. Bg2 Qd8 26. h4 h5 27. e4 Ne7 28.
Be3 Bxa5 29. d5 exd5 30. exd5 cxd5 31. Bxa7 dxc4 32. Rb5 Rc8 33. Rd1 Qc7 34. Rxb7 Qe5 35. Bd4 Qe6 36. Bc3 Bc7 37. Re1 Qd6 38. Bb4 1-0

[Event "Early-Titled-Tuesday-Blitz-October-03-2023"]
[Site "Chess.com"]
[Date "2023.10.03"]
[Round "2"]
[White "subham777"]
[Black "Mops_2004"]
[Result "0-1"]
[WhiteElo "2551"]
[BlackElo "2810"]
[TimeControl "180+1"]
[EndTime "8:16:54 PDT"]
[Termination "Mops_2004 won by resignation"]

1. e4 g6 2. d4 Bg7 3. c4 d6 4.
Nc3 e5 5. Nf3 Bg4 6. Be3 Bxf3 7.
gxf3 Nc6 8. d5 Nd4 9. Be2 Nf6 10. Qd2 Nh5 11. O-O-O c5 12. dxc6 bxc6 13. f4 Nxf4 14. Bxd4 exd4 15. Qxf4 Be5 16. Qd2 dxc3 17. bxc3 Qa5 18.
f4 Bxc3 19. Qxd6 Qxa2 20. Qxc6+ Kf8 21. Qxa8+ Kg7 22. Qb7 Qxe2 23. Qb3 Ba1 24. Rhe1 Qf2 25. Rf1 Qe2 26. Qc2 Qe3+ 27. Qd2 Qa3+ 28. Kc2 Rb8 29. Rxa1 Rb2+ 30. Kd1 Qxa1+ 31. Ke2 Rxd2+ 0-1

[Event "Early-Titled-Tuesday-Blitz-October-03-2023"]
[Site "Chess.com"]
[Date "2023.10.03"]
[Round "2"]
[White "temiksmozg"]
[Black "Anton_Demchenko"]
[Result "0-1"]
[WhiteElo "2606"]
[BlackElo "2910"]
[TimeControl "180+1"]
[EndTime "8:16:55 PDT"]
[Termination "Anton_Demchenko won on time"]

1. d4 Nf6 2. c4 d6 3. Nc3 e5 4. Bg5 h6 5. Bh4 exd4 6. Qxd4 g5 7. Bg3 Bg7 8. Qd2 Be6 9. e3 O-O 10. Nf3 d5 11. O-O-O c6 12. Nd4 Nbd7 13. Kb1 Nc5 14. f3 a5 15. h4 g4 16. Be5 a4 17. Be2 a3 18. b3 Qe7 19. cxd5 cxd5 20. Bf4 Rac8 21.
Ncb5 Rfd8 22. Rc1 Nh5 23. fxg4 Nxf4 24. exf4 Ne4 25. Qd3 Qb4 26. Rhd1 Bd7 27. Qe3 Rxc1+ 28. Rxc1 Re8 29. Bf3 Nd2+ 30. Qxd2 Qxd2 31. Nc2 Bxb5 0-1

[Event "Early-Titled-Tuesday-Blitz-October-03-2023"]
[Site "Chess.com"]
[Date "2023.10.03"]
[Round "2"]
[White "CheckThis4"]
[Black "RianKapriaga"]
[Result "1-0"]
[WhiteElo "2696"]
[BlackElo "2348"]
[TimeControl "180+1"]
[EndTime "8:16:55 PDT"]
[Termination "CheckThis4 won on time"]

1. e4 c6 2. Nf3 d5 3. Nc3 Bg4 4. h3 Bxf3 5. Qxf3 Nf6 6. d3 e6 7. Be2 Bb4 8. O-O Nbd7 9. Qg3 Bf8 10. e5 Ng8 11. d4 Ne7 12. Bd3 Ng6 13. Ne2 Qh4 14. Bxg6 hxg6 15. Qb3 O-O-O 16. Bf4 g5 17. Bg3 Qh5 18. f3 Be7 19. a4 Nf8 20. a5 a6 21. c4 Ng6 22. c5 Nh4 23. Ra3 Rd7 24. Qb6 Bd8 25. Qa7 Bc7 26. Rb3 Bb8 27. Qb6 Nf5 28. Bh2 f6 29. exf6 Bxh2+ 30. Kxh2 gxf6 31.
Qa7 Kd8 32. Rxb7 Rxb7 33. Qxb7 g4 34. fxg4 Qh6 35. gxf5 1-0

[Event "Early-Titled-Tuesday-Blitz-October-03-2023"]
[Site "Chess.com"]
[Date "2023.10.03"]
[Round "2"]
[White "maracayo"]
[Black "Alexandr_Predke"]
[Result "0-1"]
[WhiteElo "2394"]
[BlackElo "2851"]
[TimeControl "180+1"]
[EndTime "8:16:57 PDT"]
[Termination "Alexandr_Predke won by resignation"]

1. e4 c6 2. Nf3 d5 3. d3 dxe4 4. dxe4 Qxd1+ 5. Kxd1 g6 6. Bd3 Bg4 7. Ke2 Nd7 8. Be3 Bh6 9. Nd2 O-O-O 10. h3 Bxf3+ 11.
gxf3 Bg7 12. Nc4 b6 13. a4 Ngf6 14. f4 Nh5 15. c3 Kc7 16. f5 Ne5 17. Nxe5 Bxe5 18.
a5 b5 19. Bc2 Kb8 20. Kf3 gxf5 21. exf5 Nf6 22. Rad1 Nd5 23. Bd4 Bxd4 24. Rxd4 Nf6 25. Rhd1 Rxd4 26. Rxd4 Kc7 27. Bb3 c5 28. Rd1 c4 29.
Bc2 Rb8 30. Re1 Kd6 31. Rd1+ Nd5 32. Be4 e6 33. fxe6 fxe6 34. Bxd5 exd5 35. Rg1 b4 36. Rg7 bxc3 37. bxc3 Rb3 38. Rxa7 Rxc3+ 39. Ke2 d4 40. Rxh7 Rc2+ 41. Kd1 Ra2 42. a6 d3 43. a7 c3 44.
Rh6+ Ke5 45. Rh5+ Kf6 46. Rh6+ Kg5 47. Ra6 Rxa6 0-1

[Event "Early-Titled-Tuesday-Blitz-October-03-2023"]
[Site "Chess.com"]
[Date "2023.10.03"]
[Round "2"]
[White "MaxLeto"]
[Black "jasonbolivar"]
[Result "1-0"]
[WhiteElo "2499"]
[BlackElo "2256"]
[TimeControl "180+1"]
[EndTime "8:16:58 PDT"]
[Termination "MaxLeto won on time"]

1. g4 e6 2. Bg2 h5 3. gxh5 Nf6 4. d4 d5 5. c4 c6 6. Nc3 Nxh5 7. Nf3 Be7 8. Rg1 g6 9. Be3 a6 10. c5 Nd7 11. b4 Bf6 12. Qd2 e5 13. Bh3 exd4 14. Bxd7+ Bxd7 15. Bxd4 Bf5 16. O-O-O Qe7 17. Rge1 O-O-O 18. Kb2 Be4 19. a4 Ng7 20. Bxf6 Qxf6 21. Nd4 Ne6 22.
f3 Nxd4 23. Qxd4 Qxd4 24. Rxd4 Bf5 25. h4 Rde8 26. Kc1 Re3 27. Kd2 Ree8 28. b5 axb5 29.
axb5 Kd7 30. Ra1 Ra8 31. Rda4 Rxa4 32. Rxa4 Be6 33. b6 1-0

[Event "Early-Titled-Tuesday-Blitz-October-03-2023"]
[Site "Chess.com"]
[Date "2023.10.03"]
[Round "2"]
[White "MrVenky"]
[Black "Freefresh"]
[Result "0-1"]
[WhiteElo "2540"]
[BlackElo "2792"]
[TimeControl "180+1"]
[EndTime "8:16:59 PDT"]
[Termination "Freefresh won by resignation"]

1. e4 c5 2. Nc3 e6 3. Nge2 Nc6 4. g3 d5 5. d3 Nf6 6. Bg2 d4 7. Nb1 e5 8. h3 Be6 9. f4 g6 10. Nd2 Bg7 11. Nf3 h6 12. O-O O-O 13. Nh4 exf4 14. Nxf4 Bc8 15. Nf3 Nd7 16. Nd5 Nde5 17. Bf4 Be6 18.
Nxe5 Nxe5 19. g4 Bxd5 20. exd5 Qd6 21. Qd2 Kh7 22. Rae1 Rae8 23. c4 f5 24. gxf5 Rxf5 25. Be4 Rh5 26. Qg2 Rf8 27. Bg3 Rg5 28. Rxf8 Qxf8 29.
Rf1 Qe7 30. h4 Rg4 31. Rf4 Rxf4 32. Bxf4 Qxh4 33. Bxe5 Qe1+ 34. Qf1 Qxf1+ 35. Kxf1 Bxe5 36. b4 b6 37. b5 h5 38. Kg2 Kh6 39. Kf3 g5 40.
Bf5 g4+ 41. Ke4 Bd6 42. a4 Kg5 43. Bc8 h4 44. Bd7 h3 0-1

[Event "Early-Titled-Tuesday-Blitz-October-03-2023"]
[Site "Chess.com"]
[Date "2023.10.03"]
[Round "2"]
[White "HanSchut"]
[Black "Kirill_Klukin"]
[Result "0-1"]
[WhiteElo "2330"]
[BlackElo "2691"]
[TimeControl "180+1"]
[EndTime "8:16:59 PDT"]
[Termination "Kirill_Klukin won by resignation"]

1. e4 c5 2. Nf3 Nc6 3. d4 cxd4 4.
Nxd4 e5 5. Nb5 d6 6. N1c3 a6 7. Na3 b5 8. Nd5 Nge7 9. c4 Nxd5 10. exd5 Nd4 11. Be3 Nf5 12. Bd2 Be7 13. Bd3 O-O 14.
O-O Bf6 15. Qb1 g6 16. cxb5 Ne7 17. Bc4 Bb7 18. bxa6 Bxd5 19. Bxd5 Nxd5 20. Rd1 Rxa6 21. Bh6 Nf4 22. Bxf8 Qxf8 23. Nc4 Qa8 24. Ne3 d5 25. g3 Ne2+ 26. Kf1 Nd4 27. Qd3 Rxa2 28. Rxa2 Qxa2 29.
b3 e4 30. Qc3 Qe2+ 31. Kg1 Nf3+ 32. Kg2 Bxc3 0-1

[Event "Early-Titled-Tuesday-Blitz-October-03-2023"]
[Site "Chess.com"]
[Date "2023.10.03"]
[Round "2"]
[White "disciplinedbrat"]
[Black "Mystery2007"]
[Result "0-1"]
[WhiteElo "2220"]
[BlackElo "2467"]
[TimeControl "180+1"]
[EndTime "8:16:59 PDT"]
[Termination "Mystery2007 won by resignation"]

1. d4 Nf6 2. Nf3 d5 3. e3 e6 4. Bd3 Be7 5. O-O O-O 6. b3 c5 7. Bb2 Nc6 8. Nbd2 b6 9. c4 Bb7 10. Ne5 Rc8 11. f4 cxd4 12. exd4 dxc4 13. Nxc6 Bxc6 14. Nxc4 Qd5 15. Ne3 Qd7 16. f5 Nd5 17. Ng4 Bg5 18. Ne5 Qe7 19. f6 Bxf6 20. Ng4 Bg5 21.
Bb1 f5 22. Qd3 Nb4 23. Qh3 h6 24. Ne5 Be8 25. a3 Nc6 26. Re1 Nxe5 27. dxe5 Qc5+ 28. Kh1 Qf2 29. Bd3 Qxb2 30. Bc4 Bf7 31. Rad1 Rfd8 32.
Rxd8+ Rxd8 33. Qf3 Qd2 34. Rf1 b5 35. Bxb5 Qd5 36.
Qe2 Qd2 37. Qf2 Qxf2 0-1

[Event "Early-Titled-Tuesday-Blitz-October-03-2023"]
[Site "Chess.com"]
[Date "2023.10.03"]
[Round "2"]
[White "YouJustFoundYourGodfather"]
[Black "GMBenjaminBok"]
[Result "1-0"]
[WhiteElo "2646"]
[BlackElo "2990"]
[TimeControl "180+1"]
[EndTime "8:17:02 PDT"]
[Termination "YouJustFoundYourGodfather won on time"]

1. g3 d5 2. Bg2 c6 3. Nf3 Bg4 4. O-O Nd7 5. h3 Bh5 6. c4 Bxf3 7. Bxf3 Ne5 8. cxd5 Nxf3+ 9. exf3 Qxd5 10. Nc3 Qd7 11. d4 Nf6 12. Kg2 e6 13. Ne4 Be7 14.
Be3 O-O 15. Qb3 b6 16. Rac1 Nd5 17. Rc2 a5 18. a3 h6 19. Rfc1 a4 20. Qd3 Rfc8 21.
h4 b5 22. Nc5 Bxc5 23. Rxc5 Nb6 24. Rh5 f5 25. Bxh6 Qf7 26. Rg5 g6 27. h5 Nd5 28.
Rxg6+ Kh8 29. Bg7+ Kh7 30. Qd2 f4 31. g4 Rg8 32.
Qc2 Rxg7 33. Rf6+ Kg8 34. Rxf7 Kxf7 35. Qxc6 Re8 36. Qxb5 Re7 37. Qxa4 Nf6 38. Qa5 Nd5 39. Rc5 Kf6 40. Qd2 Rc7 41. Rxd5 exd5 42. Qxf4+ Ke6 43. Qe5+ 1-0

[Event "Early-Titled-Tuesday-Blitz-October-03-2023"]
[Site "Chess.com"]
[Date "2023.10.03"]
[Round "2"]
[White "CalinGheorghiu"]
[Black "JohnWhite1952"]
[Result "0-1"]
[WhiteElo "2388"]
[BlackElo "2020"]
[TimeControl "180+1"]
[EndTime "8:17:05 PDT"]
[Termination "JohnWhite1952 won by resignation"]

1. e4 c5 2. Nf3 e6 3. c4 Nc6 4.
d4 cxd4 5. Nxd4 d6 6. Nc3 Nf6 7. Be2 Be7 8. O-O O-O 9. Be3 a6 10. Rc1 Bd7 11. a3 Rb8 12. b4 Ne5 13. f4 Nc6 14.
Kh1 Nxd4 15. Bxd4 Qc7 16. e5 Ne8 17. Bd3 g6 18. Qe2 Ng7 19. Nd5 exd5 20. cxd5 Qd8 21.
e6 fxe6 22. dxe6 Bc6 23. f5 Bf6 24. Bxf6 Qxf6 25. fxg6 Qxe6 26. Qd2 Rxf1+ 27. Rxf1 hxg6 28. Qh6 Qg4 29. Rf2 Re8 30. h3 Qg3 31. Qf4 Re1+ 32.
Bf1 Qxf4 33. Rxf4 Bb5 0-1

[Event "Early-Titled-Tuesday-Blitz-October-03-2023"]
[Site "Chess.com"]
[Date "2023.10.03"]
[Round "2"]
[White "FM_Kappeler"]
[Black "LangesNasenhaar"]
[Result "1-0"]
[WhiteElo "2259"]
[BlackElo "2435"]
[TimeControl "180+1"]
[EndTime "8:17:07 PDT"]
[Termination "FM_Kappeler won on time"]

1. d4 g6 2. c4 Bg7 3. Nf3 c5 4. e3 cxd4 5. exd4 Nf6 6. Nc3 d5 7. Be2 O-O 8. O-O Nc6 9. Re1 b6 10. Bg5 dxc4 11. Bxc4 Bg4 12. d5 Na5 13. Be2 h6 14.
Bh4 Rc8 15. Qa4 Bd7 16. Qa3 Nc4 17. Bxc4 Rxc4 18. Qxe7 g5 19. Bg3 Bf5 20. Rad1 Re8 21. Qxd8 Rxd8 22. Ne5 Rc5 23. Nc6 Rd7 24. Ne7+ Rxe7 25.
Rxe7 Bf8 26. Rxa7 b5 27. a3 Rc4 28. d6 Nd7 29. Nxb5 h5 30. h3 h4 31. Bh2 Bg7 32. Nc3 Bd4 33. Ra4 1-0

[Event "Early-Titled-Tuesday-Blitz-October-03-2023"]
[Site "Chess.com"]
[Date "2023.10.03"]
[Round "2"]
[White "LionTheLeon_06"]
[Black "MathiasWomacka"]
[Result "0-1"]
[WhiteElo "2803"]
[BlackElo "2579"]
[TimeControl "180+1"]
[EndTime "8:17:08 PDT"]
[Termination "MathiasWomacka won on time"]

1. e4 c5 2. Nf3 d6 3. Bb5+ Nd7 4. a4 Nf6 5. Nc3 e6 6. O-O Be7 7. Re1 O-O 8. a5 a6 9. Bf1 Qc7 10. d4 cxd4 11. Nxd4 Ne5 12. h3 Bd7 13. Nb3 Rac8 14. Bf4 Rfd8 15. Be3 Nc4 16. Bxc4 Qxc4 17. Bb6 Re8 18.
Qd2 e5 19. Nc1 Be6 20. Nd3 Bd8 21. Ra4 Qc6 22. Nb4 Qd7 23. Bxd8 Rexd8 24. Rd1 Rxc3 25. Qxc3 Qxa4 26. f3 Qxa5 27. Kh2 Rc8 28. Qd2 Qc5 29. c3 Rd8 30. Nd3 Qc7 31. Nxe5 d5 32. Qd4 Nd7 33.
f4 Nxe5 34. fxe5 Rd7 35. Kh1 dxe4 36. Qg1 Qxe5 37. Rxd7 Bxd7 38. Qb6 g6 39. Qe3 Bc6 40. Kg1 Qd5 41. Kf2 Qd3 42. Qf4 Qc2+ 43. Kg3 Qd3+ 44. Kf2 e3+ 0-1

[Event "Early-Titled-Tuesday-Blitz-October-03-2023"]
[Site "Chess.com"]
[Date "2023.10.03"]
[Round "2"]
[White "Orujov2008"]
[Black "Kgutierrez95"]
[Result "1-0"]
[WhiteElo "2660"]
[BlackElo "2144"]
[TimeControl "180+1"]
[EndTime "8:17:09 PDT"]
[Termination "Orujov2008 won on time"]

1. e4 c6 2. d4 d5 3. Nc3 dxe4 4. Nxe4 Bf5 5. Ng3 Bg6 6. Nf3 Nd7 7. h4 h6 8. h5 Bh7 9. Bd3 Bxd3 10. Qxd3 e6 11. Bd2 Ngf6 12. O-O-O Be7 13. Ne4 Nxe4 14. Qxe4 Nf6 15. Qe2 Qd5 16. c4 Qe4 17. Qxe4 Nxe4 18. Be1 O-O 19. Ne5 Bg5+ 20. Kc2 Rad8 21. f3 Nd6 22.
Bf2 f6 23. Ng6 f5 24. Nxf8 Kxf8 25. b3 Bf6 26. Rhe1 Kf7 27. Kb1 Ne8 28. Kc2 Nc7 29.
Kc3 b6 30. Bg3 Na6 31. Be5 Be7 32. Kb2 Bb4 33. Re2 b5 34. a3 Be7 35. c5 Nxc5 36.
Rc2 Rd5 37. Rdd2 Nd7 38. f4 Nxe5 39. fxe5 c5 40. dxc5 Rxc5 41. Rxc5 Bxc5 42. Rd7+ Kf8 43. b4 Be3 44. Kc3 1-0

[Event "Early-Titled-Tuesday-Blitz-October-03-2023"]
[Site "Chess.com"]
[Date "2023.10.03"]
[Round "2"]
[White "Nekoo04"]
[Black "Mr_Lion22"]
[Result "0-1"]
[WhiteElo "2294"]
[BlackElo "2510"]
[TimeControl "180+1"]
[EndTime "8:17:09 PDT"]
[Termination "Mr_Lion22 won on time"]

1. d4 Nf6 2. c4 g6 3. Nc3 d5 4.
Nf3 Bg7 5. e3 O-O 6. Qb3 e6 7.
Bd2 Nc6 8. cxd5 exd5 9. Be2 b6 10. Rc1 Bb7 11. Na4 Ne4 12. O-O Nxd2 13. Nxd2 Re8 14. Nc5 Na5 15. Qb4 bxc5 16. Qxa5 cxd4 17. Bb5 c6 18. Qxd8 Raxd8 19. Bxc6 Bxc6 20. Rxc6 dxe3 21. fxe3 Rxe3 22. Rc7 Bd4 23. Kh1 f5 24. Nf3 Bb6 25. Rc2 d4 26. Rd2 d3 27. Rfd1 Ba5 28. Kg1 Bxd2 29. Rxd2 Re2 30. Rxe2 dxe2 31. Kf2 Re8 32. Ke1 Rc8 33. Nd4 Rc1+ 34. Kxe2 Rb1 0-1

[Event "Early-Titled-Tuesday-Blitz-October-03-2023"]
[Site "Chess.com"]
[Date "2023.10.03"]
[Round "2"]
[White "bylavochka"]
[Black "vladgoncharov"]
[Result "0-1"]
[WhiteElo "2325"]
[BlackElo "2524"]
[TimeControl "180+1"]
[EndTime "8:17:10 PDT"]
[Termination "vladgoncharov won on time"]

1. e4 e6 2. d4 d5 3. exd5 exd5 4.
Nf3 Nc6 5. Be2 Bd6 6. Bg5 Nge7 7. O-O h6 8. Bh4 O-O 9. Nc3 Be6 10. Bg3 a6 11. Re1 Ng6 12. Qd2 Qf6 13. Bxd6 cxd6 14.
Bf1 Rac8 15. Re3 Nce7 16. Rae1 Rc6 17. a4 Rfc8 18. Bd3 Nf4 19. g3 Nxd3 20. Qxd3 Rb6 21.
Nd1 Ng6 22. c3 Kh7 23. h4 Bf5 24. Qd2 Be4 25. Nh2 Nf8 26. f3 Bf5 27. g4 Bg6 28. h5 Bb1 29. Nf2 Ba2 30. Nd3 Bc4 31. Nf1 Ne6 32.
Ng3 Ng5 33. Kg2 Ne6 34. Nf5 Bxd3 35. Rxd3 Rxb2 36. Qxb2 Nf4+ 37. Kg3 Nxd3 38. Qc2 Nxe1 0-1

[Event "Early-Titled-Tuesday-Blitz-October-03-2023"]
[Site "Chess.com"]
[Date "2023.10.03"]
[Round "2"]
[White "Gyulamiryan-koryun"]
[Black "Aleksandar-Topalov"]
[Result "0-1"]
[WhiteElo "1991"]
[BlackElo "2404"]
[TimeControl "180+1"]
[EndTime "8:17:11 PDT"]
[Termination "Aleksandar-Topalov won by checkmate"]

1. e4 e6 2. d4 d5 3. Nd2 Nf6 4. e5 Ng8 5. Bd3 Ne7 6. Ne2 Qd7 7. O-O b6 8. c3 Ba6 9. Nf3 Bxd3 10. Qxd3 Nf5 11.
g4 Ne7 12. Ng3 h6 13. h3 g6 14. Nh4 c5 15. f4 cxd4 16. cxd4 Nbc6 17. a3 O-O-O 18.
Qa6+ Qb7 19. Qd3 Na5 20. Bd2 Nc4 21. Rfc1 Kb8 22. Be1 Nc6 23. b3 Nxa3 24. Ra2 Be7 25. Rb1 Bxh4 26. Rxa3 Be7 27. Ra2 Nxd4 28. Kh1 Nc6 29.
Rba1 a5 30. Ne2 h5 31. Nd4 hxg4 32. h4 Nxd4 33. Qxd4 Bc5 34. Qd3 d4+ 35. Kg1 Qf3 36.
Qxf3 gxf3 37. b4 axb4 38. Ra8+ Kb7 39. R1a7+ Kc6 40. Rxd8 Rxd8 41. Rxf7 d3+ 42. Kf1 d2 43. Bxd2 Rxd2 44. Ke1 Re2+ 45. Kd1 b3 46. Rf6 b2 47. Rxe6+ Kd5 48. Rd6+ Bxd6 49. exd6 b1=Q# 0-1

[Event "Early-Titled-Tuesday-Blitz-October-03-2023"]
[Site "Chess.com"]
[Date "2023.10.03"]
[Round "2"]
[White "masnyszachistaaa"]
[Black "artin10862"]
[Result "0-1"]
[WhiteElo "2579"]
[BlackElo "2838"]
[TimeControl "180+1"]
[EndTime "8:17:15 PDT"]
[Termination "artin10862 won by resignation"]

1. e4 g6 2. d4 Bg7 3. Nc3 d6 4. Be3 a6 5. a4 Nf6 6. h3 b6 7. g4 Bb7 8. Bg2 Nfd7 9. Nge2 e5 10. O-O O-O 11. f4 exd4 12. Bxd4 Re8 13. Bxg7 Kxg7 14. Ng3 Nc5 15. g5 Nbd7 16. Qd4+ Kg8 17. h4 Ne6 18. Qf2 Bc6 19. f5 Ng7 20. f6 Ne6 21.
Rae1 Ne5 22. Bh3 h6 23. gxh6 Kh7 24. Nd5 Nc5 25. b3 Nxe4 26. Nxe4 Bxd5 27. Ng5+ Kh8 28. c4 Nd3 29. Rxe8+ Qxe8 30. Qd4 Qe2 31. cxd5 Ne5 32. Re1 Qxe1+ 33. Kg2 Rf8 34. h5 Qe2+ 35. Kg1 Qxh5 36. Qf4 Qxg5+ 37. Qxg5 Nf3+ 0-1

[Event "Early-Titled-Tuesday-Blitz-October-03-2023"]
[Site "Chess.com"]
[Date "2023.10.03"]
[Round "2"]
[White "nitpicker"]
[Black "Vesper2018"]
[Result "0-1"]
[WhiteElo "2254"]
[BlackElo "2580"]
[TimeControl "180+1"]
[EndTime "8:17:15 PDT"]
[Termination "Vesper2018 won by resignation"]

1. d4 Nf6 2. c4 g6 3. Nc3 Bg7 4. e4 d6 5. Be2 O-O 6. Nf3 e5 7. O-O Nc6 8. d5 Ne7 9. a4 a5 10. Ne1 Nd7 11. Nd3 f5 12. f3 f4 13. b3 b6 14. Ba3 g5 15. b4 h5 16. bxa5 Rxa5 17.
Bb4 Ra8 18. a5 Nc5 19. axb6 Rxa1 20. Qxa1 cxb6 21. Qa8 g4 22. Nb5 gxf3 23. gxf3 Ng6 24. Kh1 Nh4 25. Bxc5 bxc5 26. Rg1 Nxf3 27. Rg6 Qh4 28.
Bxf3 Bg4 29. Rxg4 hxg4 30. Qa2 gxf3 31. Qf2 Qh6 32. Qxf3 Ra8 33. Nf2 Qg5 34. Qg4 Qxg4 35. Nxg4 Bf8 36. Nf6+ Kf7 37. Nd7 Be7 38. Nb6 Ra2 39. Nc8 f3 40. Ncxd6+ Kg6 41. Kg1 Bh4 42. h3 Bg3 0-1

[Event "Early-Titled-Tuesday-Blitz-October-03-2023"]
[Site "Chess.com"]
[Date "2023.10.03"]
[Round "2"]
[White "Dmitry_Konenkin"]
[Black "Sanyura"]
[Result "0-1"]
[WhiteElo "2379"]
[BlackElo "2667"]
[TimeControl "180+1"]
[EndTime "8:17:16 PDT"]
[Termination "Sanyura won by checkmate"]

1. d4 Nf6 2. Bg5 Ne4 3. Bh4 c5 4. f3 Nf6 5. dxc5 e5 6. b4 a5 7.
c3 axb4 8. cxb4 b6 9. Bf2 bxc5 10.
bxc5 Bxc5 11. Bxc5 Qa5+ 12. Nd2 Nc6 13. Bf2 O-O 14.
e4 d5 15. Rc1 Nb4 16. Bc5 Rd8 17. Be7 Rd7 18. Bxf6 gxf6 19. Qb3 dxe4 20. fxe4 Rxd2 21. Kxd2 Nxa2+ 22. Kd1 Bg4+ 23. Nf3 Rd8+ 24. Bd3 Be6 25. Qb2 Rxd3+ 26. Ke2 Qa6 27. Kf2 Qa7+ 28. Kg3 Nxc1 29. Rxc1 Qe3 30. Qf2 Qf4# 0-1

[Event "Early-Titled-Tuesday-Blitz-October-03-2023"]
[Site "Chess.com"]
[Date "2023.10.03"]
[Round "2"]
[White "LeoWin2012"]
[Black "Grossboss19"]
[Result "0-1"]
[WhiteElo "2299"]
[BlackElo "2510"]
[TimeControl "180+1"]
[EndTime "8:17:16 PDT"]
[Termination "Grossboss19 won by checkmate"]

1. e4 c6 2. d4 d5 3. Nc3 e6 4. Nf3 Bb4 5. e5 f6 6. Bf4 Nd7 7. Bd3 g5 8. Bg3 f5 9. h4 g4 10.
Ng5 Nf8 11. f3 h6 12. fxg4 hxg5 13. gxf5 exf5 14. Qf3 g4 15. Qf2 Rh5 16. Kd2 Be6 17. Rhf1 Qd7 18. a3 Be7 19. b4 Ng6 20. Ne2 Bf8 21. Nf4 Bh6 22. Ke2 Nxf4+ 23. Bxf4 Bxf4 24. Qxf4 O-O-O 25. g3 Ne7 26. c3 Ng6 27. Qf2 Rg8 28. a4 f4 29. gxf4 Nxh4 30. Rh1 g3 31. Qe1 g2 32. Rg1 Bg4+ 33. Ke3 Bf5 34. Bxf5 Qxf5 35. Qf2 Qe4+ 36. Kd2 Nf3+ 37. Kc1 Nxg1 38. Qxg1 Rh1 39. Kb2 Rxg1 40. Rxg1 Qe2+ 41. Kb3 Qf1 42. Rxg2 Rxg2 43. b5 Qc4+ 44. Ka3 Ra2# 0-1

[Event "Early-Titled-Tuesday-Blitz-October-03-2023"]
[Site "Chess.com"]
[Date "2023.10.03"]
[Round "2"]
[White "Alenzer"]
[Black "ljuks68"]
[Result "0-1"]
[WhiteElo "2104"]
[BlackElo "2429"]
[TimeControl "180+1"]
[EndTime "8:17:16 PDT"]
[Termination "ljuks68 won by resignation"]

1. e4 e6 2. d4 d5 3. exd5 exd5 4. c4 Nf6 5. Nc3 Bb4 6. Nf3 O-O 7. Bd3 Re8+ 8. Be3 Be6 9. cxd5 Nxd5 10. O-O Nxe3 11.
fxe3 c5 12. d5 Bg4 13. e4 Nd7 14. h3 Bh5 15. a3 Ba5 16. Qc2 Bc7 17. Nb5 Bb8 18.
Rac1 a6 19. Nc3 Qc7 20. Rce1 Ne5 21. g4 Bg6 22. Nxe5 Qxe5 23. Qg2 b5 24. Kh1 c4 25.
Bc2 Bd6 26. Bb1 Rab8 27. Nd1 a5 28. Ne3 Bxe4 29. Bxe4 Qxe4 30. Qxe4 Rxe4 31. Nf5 Rxe1 32. Rxe1 Bf8 33. Ne7+ Bxe7 34. Rxe7 Kf8 35. Ra7 Rd8 36. Rxa5 Rxd5 37. Kg2 Rd2+ 38. Kg3 Rxb2 39. Ra7 g5 40.
Ra5 Rb3+ 41. Kg2 h6 42. Ra6 Ke7 43. Ra7+ Ke6 44. Ra6+ Ke5 45. Rxh6 Rxa3 46. Rb6 Rb3 47. Rb7 f6 48. Rb8 c3 49. Rc8 b4 50. Kf3 c2+ 51. Kg2 Rb2 52. Kg3 b3 53. Rc3 Rb1 54. Rc5+ Kd6 55. Rc8 c1=Q 56. Rxc1 Rxc1 57. Kf3 Rc4 0-1

[Event "Early-Titled-Tuesday-Blitz-October-03-2023"]
[Site "Chess.com"]
[Date "2023.10.03"]
[Round "2"]
[White "ChessRespected"]
[Black "Itk04"]
[Result "0-1"]
[WhiteElo "2526"]
[BlackElo "2759"]
[TimeControl "180+1"]
[EndTime "8:17:18 PDT"]
[Termination "Itk04 won by resignation"]

1. d4 e6 2. e4 d5 3. Nd2 c5 4. Ngf3 Nc6 5. c3 Nf6 6. e5 Nd7 7. Bd3 Qb6 8. O-O cxd4 9. cxd4 Nxd4 10. Nxd4 Qxd4 11. Nf3 Qb6 12. a3 a5 13. Qa4 h6 14.
Be3 Bc5 15. Bxc5 Qxc5 16. Rac1 Qb6 17. Bb5 Qd8 18. Rc3 O-O 19. Rxc8 Rxc8 20. Bxd7 Rc4 21.
Qb5 Rc7 22. Bxe6 fxe6 23. Qxa5 Rc4 24. Qb5 Qc8 25. b3 Rc1 26. Nd2 Qc2 27. Rxc1 Qxc1+ 28. Nf1 Qe1 29. Qb6 Qxe5 30. Qxb7 d4 31. Qd7 Rf7 32. Qe8+ Rf8 33. Qd7 Qd5 34. Qxd5 exd5 35. f3 Ra8 36. a4 Rb8 37. Nd2 d3 38. Kf2 Re8 39. Nf1 Re2+ 0-1

[Event "Early-Titled-Tuesday-Blitz-October-03-2023"]
[Site "Chess.com"]
[Date "2023.10.03"]
[Round "2"]
[White "FoxOnTheRun97"]
[Black "Kyrie-Eleven"]
[Result "1-0"]
[WhiteElo "2522"]
[BlackElo "2326"]
[TimeControl "180+1"]
[EndTime "8:17:18 PDT"]
[Termination "FoxOnTheRun97 won by checkmate"]

1. d4 Nf6 2. c4 e6 3. Nf3 d5 4. g3 Be7 5. Bg2 O-O 6. O-O a6 7.
b3 Nc6 8. Bb2 b5 9. cxd5 exd5 10. Ne5 Na5 11. Nc3 Be6 12. Rc1 Rc8 13. e3 c5 14. dxc5 Bxc5 15. Ne2 Nb7 16. b4 Bxb4 17.
Nc6 Rxc6 18. Rxc6 Qa8 19. Rc1 Na5 20. Nf4 Nc4 21. Bxf6 gxf6 22. Nxd5 Rd8 23. Nxf6+ Kg7 24. Bxa8 Rxd1 25. Rfxd1 Kxf6 26. Bd5 Ke5 27. Bxe6 fxe6 28. Rd7 Ba3 29. Rcd1 Nb2 30. R1d4 Bc5 31. Rh4 a5 32. Rh5+ Ke4 33. Rxc5 Nd3 34. Rxb5 Kf3 35. Rxd3 e5 36.
Kf1 e4 37. Rf5+ Kg4 38. Rf4+ Kh3 39. Rh4# 1-0

[Event "Early-Titled-Tuesday-Blitz-October-03-2023"]
[Site "Chess.com"]
[Date "2023.10.03"]
[Round "2"]
[White "Agent-JL"]
[Black "familijatop71"]
[Result "1-0"]
[WhiteElo "2472"]
[BlackElo "2213"]
[TimeControl "180+1"]
[EndTime "8:17:18 PDT"]
[Termination "Agent-JL won on time"]

1. b3 e5 2. Bb2 Nc6 3. e3 Nf6 4.
Nf3 e4 5. Nd4 Bc5 6. Be2 O-O 7.
O-O d5 8. Nxc6 bxc6 9. d3 Qe7 10. Nd2 a5 11. a3 Ba6 12. d4 Bxe2 13. Qxe2 Bd6 14. c4 Qe6 15. c5 Be7 16. b4 axb4 17. axb4 Nd7 18. Ra6 Rxa6 19. Qxa6 f5 20. Qe2 f4 21.
exf4 Rxf4 22. Re1 Nf6 23. h3 Rh4 24. Nf3 Rh6 25. Ne5 Nd7 26. f3 Nxe5 27. dxe5 Rg6 28.
fxe4 Qxh3 29. exd5 cxd5 30. Rf1 Qg3 31. Qf3 Qxf3 32. Rxf3 Ra6 33. Rb3 c6 34. Bd4 Kf7 35. b5 cxb5 36. Rxb5 1-0

[Event "Early-Titled-Tuesday-Blitz-October-03-2023"]
[Site "Chess.com"]
[Date "2023.10.03"]
[Round "2"]
[White "Daniel_Salinas"]
[Black "kritipatel"]
[Result "1-0"]
[WhiteElo "2429"]
[BlackElo "2109"]
[TimeControl "180+1"]
[EndTime "8:17:18 PDT"]
[Termination "Daniel_Salinas won by resignation"]

1. e4 e5 2. Nf3 Nc6 3. Bb5 a6 4. Ba4 Nf6 5. d4 exd4 6. O-O Be7 7. e5 Ne4 8. Nxd4 O-O 9. Nf5 d5 10. Bxc6 bxc6 11. Nxe7+ Qxe7 12. Re1 Rb8 13. c4 Rd8 14. f3 Ng5 15. Qc2 Ne6 16. Nd2 Qc5+ 17. Kh1 Qf2 18. Rf1 Qe2 19. f4 dxc4 20. Qc3 Qg4 21. Ne4 Nxf4 22. Bxf4 Be6 23. h3 Qh5 24.
Rad1 h6 25. Rxd8+ Rxd8 26. Qf3 Qh4 27. Bg3 Qe7 28. Rd1 Rxd1+ 29. Qxd1 Bf5 30. Nc3 Qe6 31.
Qd4 Bxh3 32. gxh3 Qxh3+ 33. Bh2 Qf1+ 34. Qg1 Qf3+ 35. Qg2 Qf1+ 36. Qxf1 1-0